[Event "NJSK 2021 Jeugd C"]
[Site "Almelo, Netherlands"]
[Date "2021.08.03"]
[Round "3.1"]
[White "Labruyere, Roger"]
[Black "Kumar, Prajit Sai"]
[Result "0-1"]
[TimeControl "90min + 30sec/move"]
[WhiteElo "2003"]
[BlackElo "1811"]

1. e4 c6 2. d4 d5 3. e5 Bf5 4. g4 Bd7 5. Bg2 e6 6. Ne2 h5 7. h3 c5 8. c3 Nc6 9. Be3 hxg4 10.
hxg4 Rxh1+ 11. Bxh1 Qh4 12. Ng3 Nh6 13. Bf3 Be7 14. Nd2 cxd4 15. cxd4 Nb4 16. a3 Nd3+ 17. Kf1 Qh3+ 18. Kg1 g5 19. Ndf1 Nf4 20. Qd2 O-O-O 21. Bxf4 gxf4 22. Qxf4 Rg8 23. Qc1+ Kb8 24. Bg2 Qh4 25. f3 Bb5 26. Qe1 f5 27. exf6 Bxf6 28. Qe3 Bxf1 29. Nxf1 Nxg4 30.
fxg4 Qxg4 31. Qg3+ Qxg3 32. Nxg3 Bxd4+ 33. Kh2 Be5 34. Rb1 Rxg3 35. Kg1 Kc7 36. b3 Kd6 37. Kf2 Rc3 38.
Bf3 Rc2+ 39. Ke3 Rb2 40. Rxb2 Bxb2 41. a4 a5 42.
Kd3 e5 43. Kc2 Ba3 44. Kc3 Bb4+ 0-1

[Event "NJSK 2021 Jeugd C"]
[Site "Almelo, Netherlands"]
[Date "2021.08.03"]
[Round "3.2"]
[White "Bakija, Alan"]
[Black "De Winter, Arthur"]
[Result "0-1"]
[TimeControl "90min + 30sec/move"]
[WhiteElo "1870"]
[BlackElo "2000"]

1. c4 Nf6 2. Nf3 g6 3. d4 Bg7 4. g3 O-O 5. Bg2 d6 6. Nc3 Nbd7 7. O-O e5 8. dxe5 dxe5 9. Bg5 h6 10.
Bd2 e4 11. Ne1 Ne5 12. b3 c6 13. Nc2 Qe7 14. h3 Rd8 15. Qc1 Kh7 16. Rd1 Be6 17. Ne3 Rd4 18. Qc2 Rad8 19. Kh2 h5 20.
Rac1 h4 21. g4 Qd6 22. c5 0-1

[Event "NJSK 2021 Jeugd C"]
[Site "Almelo, Netherlands"]
[Date "2021.08.03"]
[Round "3.3"]
[White "Kurt, Sascha"]
[Black "Ekker, Joshua"]
[Result "1-0"]
[TimeControl "90min + 30sec/move"]
[WhiteElo "1650"]
[BlackElo "1695"]

1. e4 e5 2. Nf3 Nc6 3. d4 exd4 4. Nxd4 Bc5 5. Be3 Qf6 6. c3 Nge7 7. Bc4 Ne5 8. Be2 Qg6 9. O-O d6 10.
f4 Qxe4 11. Qd2 Ng4 12. Rf3 Bxd4 13. Bxd4 O-O 14. Rg3 f5 15. Na3 Ng6 16. Rf3 b6 17. Bc4+ Kh8 18. Bd5 Qxd5 19. Bxg7+ Kxg7 20.
Qxd5 Bd7 21. Re1 Rae8 22. Qd4+ Nf6 23. Rfe3 Rc8 24. g3 Bc6 25. Nc2 Kh6 26. Qd2 Be4 27. Nd4 Rg8 28. Ne6 Ng4 29.
Rxe4 fxe4 30. Rxe4 Nh4 31. f5+ Kh5 32. Nf4+ 1-0

[Event "NJSK 2021 Jeugd C"]
[Site "Almelo, Netherlands"]
[Date "2021.08.03"]
[Round "3.4"]
[White "Verheij, Dana"]
[Black "Smeets, Kobe"]
[Result "1/2-1/2"]
[TimeControl "90min + 30sec/move"]
[WhiteElo "1931"]
[BlackElo "1897"]

1. e4 c5 2. c3 Nf6 3. e5 Nd5 4. Nf3 Nc6 5. Bc4 Nb6 6. Bb3 d5 7. exd6 Qxd6 8. O-O Bg4 9. Bxf7+ Kd8 10.
h3 Bxf3 11. Qxf3 Ne5 12. Qf5 g6 13. Qe6 Nd3 14. a4 Bh6 15. a5 Nd7 16. Na3 N7e5 17. Nc4 Nxc4 18. Qxc4 Ne5 19. Qd5 Rf8 20.
Qxd6+ exd6 21. Bd5 Rb8 22. a6 b6 23. d4 Bxc1 24. Raxc1 Nd3 25. Rc2 Nf4 26. Bb7 Kc7 27. dxc5 dxc5 28. Rd2 Rbd8 29. Rfd1 Rxd2 30. Rxd2 Rd8 31. Rxd8 Kxd8 32. Be4 b5 33.
Bc6 Nd3 34. Bxb5 Nxb2 35. f4 Nd1 36. g4 Nxc3 37. Bd3 Nd5 38. f5 Nf4 39. fxg6 hxg6 40. Bf1 g5 41. Kf2 c4 42. Bxc4 Nxh3+ 43. Ke3 Ke7 44. Ke4 Kf6 45. Kd5 Nf4+ 46. Kc6 Ke7 47. Kb7 Kd6 48. Kxa7 Kc7 1/2-1/2

[Event "NJSK 2021 Jeugd C"]
[Site "Almelo, Netherlands"]
[Date "2021.08.03"]
[Round "3.5"]
[White "Dekker, Thiemen"]
[Black "Kumar, Prayan Sai"]
[Result "1-0"]
[TimeControl "90min + 30sec/move"]
[WhiteElo "1806"]
[BlackElo "1652"]

1. e4 c6 2. d4 d5 3. exd5 cxd5 4. c4 Nf6 5. Nc3 g6 6. Qb3 e6 7. Bg5 dxc4 8. Bxc4 Bg7 9. Nf3 O-O 10.
O-O Nc6 11. Qd1 a6 12. Ne4 b5 13. Nxf6+ Bxf6 14. Bxf6 Qxf6 15. Bb3 Rd8 16. Qc2 Bb7 17. Qc5 Nxd4 18. Nxd4 Qxd4 19. Qxd4 Rxd4 20.
Rfd1 Rad8 21. Rxd4 Rxd4 22. Rd1 Rxd1+ 23. Bxd1 Bd5 24. a3 Kg7 25. f4 Kf6 26. Bc2 e5 27. g3 exf4 28. gxf4 Be6 29.
Kf2 Bf5 30. Bb3 Be6 31. Bc2 Ke7 32.
Ke3 Kd6 33. Kd4 h6 34. Be4 f5 35. Bb7 a5 36. h4 Bc4 37. a4 Kc7 38. axb5 Bxb5 39. Bd5 Be8 40. Ke5 Kd7 41. Kf6 Kd8 42.
Bf7 g5 43. hxg5 hxg5 44. fxg5 f4 45. Bd5 Kc7 46. Kf5 Kd6 47. Bf3 Kc5 48. Kxf4 Kb4 49. Bd5 a4 50. Kf5 a3 51. bxa3+ Kxa3 52.
Kf6 Bb5 53. g6 Bd3 54. g7 Bh7 55. Kg5 1-0

[Event "NJSK 2021 Jeugd C"]
[Site "Almelo, Netherlands"]
[Date "2021.08.03"]
[Round "3.6"]
[White "Katpatal, Akshaj"]
[Black "Arnold, Rhys"]
[Result "0-1"]
[TimeControl "90min + 30sec/move"]
[WhiteElo "1650"]
[BlackElo "1748"]

1. e4 c5 2. Nf3 Nc6 3. c3 Nf6 4. d3 e5 5. Bg5 Be7 6. Be2 O-O 7. Nbd2 h6 8. Bh4 d6 9. h3 Be6 10.
g4 Rc8 11. Rg1 Nh7 12. Bg3 Ng5 13. Nxg5 Bxg5 14. Nf3 Be7 15. Qd2 Kh7 16. Nh2 d5 17. Bf3 Bg5 18. Qc2 d4 19. a3 c4 20.
Be2 cxd3 21. Bxd3 dxc3 22. bxc3 Nd4 23. Qb1 Nb3 24. Bxe5 Nxa1 25. f4 Bh4+ 26. Ke2 Nb3 27. Nf3 Nc5 28. g5 Nxd3 29. Bd4 Nxf4+ 30. Kd1 Bxg5 31.
h4 Bf6 32. e5+ g6 33. exf6 Qd5 34. Rg3 Bg4 35. Ke1 Rfe8+ 36. Kf2 Bxf3 37. Rxf3 Re2+ 38. Kg3 Nh5+ 39. Kg4 Qd7+ 40. Rf5 Qxf5+ 41. Qxf5 gxf5+ 42. Kxh5 Rg2 43. c4 f4 44. c5 Rd8 45. c6 Rd5+ 46. Be5 Rxe5# 0-1

[Event "NJSK 2021 Jeugd C"]
[Site "Almelo, Netherlands"]
[Date "2021.08.03"]
[Round "3.7"]
[White "Ponomarev, Ivan"]
[Black "Pancharajah, Abisan"]
[Result "1-0"]
[TimeControl "90min + 30sec/move"]
[WhiteElo "1723"]
[BlackElo "1650"]

1. e4 c5 2. Nf3 d6 3. Bb5+ Bd7 4. Bxd7+ Nxd7 5. O-O Ngf6 6. Qe2 Qc7 7. d3 e6 8. Nc3 a6 9. a4 Be7 10.
Ne1 h6 11. f4 g5 12. f5 O-O-O 13. Rb1 g4 14. Be3 e5 15. Nd5 Nxd5 16. exd5 h5 17. b4 Rdg8 18. bxc5 Nxc5 19. d4 Ne4 20.
Rb4 exd4 21. Bxd4 Nc5 22. Bxh8 Rxh8 23. f6 Bd8 24. Kh1 Qd7 25. Qc4 Ba5 26. Rb1 Re8 27. Nd3 Re4 28. Nxc5 Rxc4 29. Nxd7 Kxd7 30. Rxb7+ Rc7 31. Rxc7+ Kxc7 32. Rf5 Bc3 33. Rxh5 Bxf6 34. Rf5 Be5 35.
Rxf7+ Kb6 36. h4 gxh3 37. gxh3 a5 38. h4 Kc5 39. Rb7 Bc3 40. Rb5+ Kd4 41. Kg2 Ke3 42. Rb3 Kd2 43. Rxc3 Kxc3 44.
h5 Kb4 45. h6 Kxa4 46. h7 Kb4 47. h8=Q a4 48. Qb2+ Kc5 49. Qa3+ Kxd5 50. Qxa4 1-0

[Event "NJSK 2021 Jeugd C"]
[Site "Almelo, Netherlands"]
[Date "2021.08.03"]
[Round "3.8"]
[White "Madularea, David"]
[Black "Zecha, Oscar"]
[Result "1/2-1/2"]
[TimeControl "90min + 30sec/move"]
[WhiteElo "1656"]
[BlackElo "1650"]

1. e4 c5 2. Nf3 d6 3. d4 cxd4 4. Nxd4 Nf6 5. Nc3 a6 6. Bg5 Nbd7 7. f4 Qc7 8. Qf3 b5 9. O-O-O Bb7 10.
Bd3 g6 11. Rhe1 Bg7 12. Nd5 Nxd5 13. exd5 Nf6 14. Nc6 e6 15. f5 O-O 16. fxe6 fxe6 17. Rxe6 Nxd5 18. Qxd5 Qxc6 19. Qxc6 Bxc6 20.
Rxd6 Bxg2 21. Re1 Rf7 22. Kb1 Rb7 23. c4 Rc8 24. cxb5 axb5 25. Bc2 Rf8 26. Bb3+ Kh8 27. Rd8 Rxd8 28.
Bxd8 Bd4 29. Bg5 Rb8 30. Re7 Bf1 31. Rd7 Bg7 32. Bf4 1/2-1/2

[Event "NJSK 2021 Jeugd C"]
[Site "Almelo, Netherlands"]
[Date "2021.08.03"]
[Round "3.9"]
[White "Ramdien, Steven"]
[Black "Aravindhan, Achyuth"]
[Result "0-1"]
[TimeControl "90min + 30sec/move"]
[WhiteElo "1589"]
[BlackElo "1031"]

1. e4 c5 2. Nf3 d6 3. d4 cxd4 4. Nxd4 Nf6 5. Nc3 g6 6. Be3 Bg7 7. f3 O-O 8. Qd2 Nc6 9. O-O-O d5 10.
Kb1 e6 11. g4 e5 12. Nxc6 bxc6 13. exd5 cxd5 14. Nxd5 Nxd5 15. Qxd5 Qxd5 16. Rxd5 Bb7 17. Rd7 Bxf3 18. Rg1 Rad8 19.
Rxd8 Rxd8 20. Bc4 Bxg4 21. a3 Bf5 22. Rg2 Rc8 23. Bd5 Bf8 24. Bxa7 Rd8 25. Rd2 Kg7 26. Be3 Bc8 27. a4 f5 28.
c3 f4 29. Bf2 e4 30. Bd4+ Kh6 31. Bxe4 Re8 32. Bf3 g5 33. Rg2 Re1+ 34. Ka2 Rf1 35. Be2 Be6+ 36. b3 Rc1 37. Kb2 Re1 38. Bf6 g4 39. Bxg4 Bxg4 40. Rxg4 f3 41. Rf4 Re2+ 42.
Kc1 f2 43. Bg5+ Kxg5 44. Rxf8 Re1+ 45. Kd2 f1=Q 46. Rxf1 Rxf1 47. b4 Kf6 48. a5 Ke6 49. Kd3 Kd6 50. Kc4 Kc7 51. Kb5 Kb7 52. c4 Rf6 53. c5 Rc6 54. Kc4 Ra6 55. Kb5 Rh6 56. h3 Rg6 57. h4 Rf6 58. Ka4 Rf4 59.
Kb5 Rxh4 60. c6+ Kc7 61. Ka6 Rxb4 62. Ka7 Kxc6 63. a6 Ra4 0-1

[Event "NJSK 2021 Jeugd C"]
[Site "Almelo, Netherlands"]
[Date "2021.08.03"]
[Round "3.10"]
[White "Sazonov, Fedor"]
[Black "Kien, Lancelot"]
[Result "0-1"]
[TimeControl "90min + 30sec/move"]
[WhiteElo "1650"]
[BlackElo "1650"]

1. d4 d5 2. c4 dxc4 3. e3 e6 4.
Bxc4 Nf6 5. Nf3 c5 6. O-O a6 7. Qe2 b6 8. dxc5 Bxc5 9. e4 h6 10. Rd1 Qc7 11. a3 b5 12. Bd3 Bb7 13.
b4 Bb6 14. h3 O-O 15. Bb2 Qe7 16. Nbd2 Rd8 17. Nf1 Nbd7 18. Ng3 Nf8 19. Rac1 Ng6 20. Ba1 Nf4 21. Qf1 Nxd3 22. Bxf6 Qxf6 23.
Rxd3 Bxf2+ 24. Kxf2 Qb2+ 25. Ke3 Rxd3+ 26. Kxd3 Rd8+ 27. Ke3 Qxa3+ 28. Kf2 Qxb4 29. Qe2 Qa5 30. Kg1 Qb6+ 31. Kh1 b4 32.
Qb2 a5 33. Ne5 Qe3 34. Nxf7 Rf8 35. Nd6 Qxg3 36. Rc7 Rf1# 0-1

[Event "NJSK 2021 Jeugd C"]
[Site "Almelo, Netherlands"]
[Date "2021.08.03"]
[Round "3.11"]
[White "Lopes, Samuel"]
[Black "Blom, Rens"]
[Result "1-0"]
[TimeControl "90min + 30sec/move"]
[WhiteElo "1124"]
[BlackElo "1650"]

1. e4 d6 2. d4 Nf6 3. Nc3 g6 4. Bg5 Bg7 5. e5 dxe5 6. dxe5 Qxd1+ 7.
Rxd1 Ng4 8. h3 h6 9. hxg4 hxg5 10. Nd5 Bd7 11. Rxh8+ Bxh8 12. Nxc7+ Kd8 13. Nxa8 Bxe5 14. Bb5 Bd6 15.
Bxd7 Nxd7 16. Nf3 f6 17. Nd4 Kc8 18. Nb5 Bc5 19. c3 a6 20. b4 Bxf2+ 21. Kxf2 axb5 22. Rd5 b6 23. Rxb5 Kb7 24.
Nxb6 Nxb6 25. a4 Kc6 26. Rxb6+ Kxb6 27. a5+ Ka6 28. Ke3 e5 29. Ke4 Kb5 30. Kd5 Ka6 31. c4 Kb7 32. c5 f5 33.
Kxe5 f4 34. Kf6 Kc6 35. Kxg5 1-0

[Event "NJSK 2021 Jeugd C"]
[Site "Almelo, Netherlands"]
[Date "2021.08.03"]
[Round "3.12"]
[White "Lankheet, Hidde"]
[Black "Krylov, Philippe"]
[Result "0-1"]
[TimeControl "90min + 30sec/move"]
[WhiteElo "1000"]
[BlackElo "1339"]

1. e4 c6 2. d4 d5 3. e5 Bf5 4.
h4 h5 5.
Bd3 Bxd3 6. Qxd3 e6 7. Nf3 Nd7 8. Be3 Ne7 9. Nbd2 Nf5 10. c3 Be7 11. Bg5 Bxg5 12. hxg5 g6 13. g4 Ng7 14.
Qe3 Qb6 15. O-O-O O-O-O 16. gxh5 Nxh5 17. Nh2 Ng7 18. Ng4 Nf5 19. Nh6 Nxe3 0-1

[Event "NJSK 2021 Jeugd C"]
[Site "Almelo, Netherlands"]
[Date "2021.08.03"]
[Round "4.1"]
[White "De Winter, Arthur"]
[Black "Kumar, Prajit Sai"]
[Result "1/2-1/2"]
[TimeControl "90min + 30sec/move"]
[WhiteElo "2000"]
[BlackElo "1811"]

1. e4 c6 2. d4 d5 3. e5 Bf5 4. h4 h5 5. c4 e6 6. Nc3 dxc4 7. Bxc4 Nd7 8.
Nge2 Be7 9. Ng3 Bg6 10. Nge4 Nh6 11. Bxh6 Rxh6 12. g3 Nb6 13. Be2 Qd7 14. Qd2 Rh8 15. O-O O-O-O 16. Rfd1 Nd5 17. a3 Nxc3 18. Nxc3 Bf5 19. b4 Kb8 20. Qe3 a6 21. Ne4 Bxe4 22. Qxe4 g5 23. hxg5 Bxg5 24. a4 h4 25. b5 hxg3 26. f4 f5 27. Qf3 Qh7 28. fxg5 Qh2+ 29. Kf1 g2+ 30. Qxg2 Qf4+ 1/2-1/2

[Event "NJSK 2021 Jeugd C"]
[Site "Almelo, Netherlands"]
[Date "2021.08.03"]
[Round "4.2"]
[White "Arnold, Rhys"]
[Black "Kurt, Sascha"]
[Result "1-0"]
[TimeControl "90min + 30sec/move"]
[WhiteElo "1748"]
[BlackElo "1650"]

1. e4 e5 2. d4 exd4 3. c3 dxc3 4. Nxc3 Bc5 5. Bc4 d6 6. Nf3 Nc6 7. O-O Be6 8. Bxe6 fxe6 9. Qb3 Qc8 10.
Be3 Bb6 11. Ng5 Ke7 12. Bxb6 axb6 13. f4 h6 14. Nf3 Na5 15. Qc2 h5 16. e5 d5 17. f5 Nh6 18. fxe6 Qxe6 19. Rad1 Rad8 20.
Nd4 Qg4 21. b4 Nc4 22. Nxd5+ Rxd5 23. Qxc4 Rhd8 24. Nf5+ Nxf5 25. Qxg4 hxg4 26. Rxd5 Rxd5 27. Rxf5 Ke6 28. Rg5 Rxe5 29.
Rxg7 Kd6 30. Rxg4 Re1+ 31. Kf2 Ra1 32. h4 Rxa2+ 33. Kg3 c5 34. h5 Ra1 35. h6 Ra8 36. Kh4 Rh8 37. Kh5 cxb4 38.
Rxb4 Kc5 39. Rb1 Kd6 40. Rxb6+ Ke5 41. g4 Ra8 42. g5 Rf8 43. h7 Ra8 44. Rxb7 Ke6 45. Kg6 Rf8 46. Kg7 Rf5 47.
g6 Ra5 48. h8=Q Kd5 1-0

[Event "NJSK 2021 Jeugd C"]
[Site "Almelo, Netherlands"]
[Date "2021.08.03"]
[Round "4.3"]
[White "Ekker, Joshua"]
[Black "Labruyere, Roger"]
[Result "0-1"]
[TimeControl "90min + 30sec/move"]
[WhiteElo "1695"]
[BlackElo "2003"]

1. e4 c6 2. d4 d5 3. exd5 cxd5 4.
Bd3 Nc6 5. c3 Nf6 6. Bf4 Bg4 7. Qb3 Qd7 8. Nd2 e6 9. Ngf3 a6 10. Ne5 Nxe5 11. Bxe5 Be7 12. O-O O-O 13. Qc2 Kh8 14.
Nb3 b6 15. Rfe1 Bh5 16. Re3 Bg6 17. Rh3 Ne4 18. Nd2 Ng5 19. Rg3 Bxd3 20. Qxd3 f6 21. Bf4 Bd6 22. Qe3 Bxf4 23. Qxf4 b5 24.
Qg4 h6 25. Re1 Qf7 26. Nb3 Ne4 27. Rge3 f5 28. Qf4 Rae8 29. f3 e5 30. Qh4 f4 31. R3e2 exd4 32. fxe4 d3 33. Rd2 dxe4 34.
Nc5 Qf5 35. Nxa6 e3 36. Rdd1 d2 37. Re2 Qc2 38. Rf1 d1=Q 39. Rxd1 Qxd1+ 40. Qe1 Qd6 41. Nb4 g5 42. h3 Qe6 43.
a3 f3 44. gxf3 Rxf3 45. Rh2 e2 46. Rf2 Rxf2 47. Kxf2 Qxh3 48. Nd3 0-1

[Event "NJSK 2021 Jeugd C"]
[Site "Almelo, Netherlands"]
[Date "2021.08.03"]
[Round "4.4"]
[White "Smeets, Kobe"]
[Black "Dekker, Thiemen"]
[Result "1-0"]
[TimeControl "90min + 30sec/move"]
[WhiteElo "1897"]
[BlackElo "1806"]

1. e4 e5 2. Nf3 Nc6 3. Bb5 f5 4. Nc3 fxe4 5. Nxe4 Nf6 6. Qe2 Be7 7. Bxc6 bxc6 8. Nxe5 O-O 9. O-O a5 10.
d3 Nxe4 11. Qxe4 d5 12. Qe2 Bd6 13. d4 Ba6 14. c4 Bxe5 15. Qxe5 Bxc4 16. Re1 Re8 17. Qxe8+ Qxe8 18. Rxe8+ Rxe8 19.
Bf4 a4 20. Bd2 Re2 21. Bc3 Rc2 22. a3 Re2 23. Re1 Kf7 24. Rxe2 Bxe2 25. Ba5 c5 26. dxc5 c6 27. Bc3 g6 28.
f3 Ke6 29. Bd4 Kf5 30. Kf2 Bc4 31. g3 h5 32. h3 Bb3 33. Ke3 Bc4 34. g4+ hxg4 35. fxg4+ Kg5 36. Kf3 Bf1 37. Kg3 Kh6 38.
h4 g5 39. Be3 Kg6 40. Bxg5 d4 41. Bd2 Be2 42. Kf4 Kf6 43. h5 Ke6 44. Kg3 Kd5 45. Kh4 Kc4 46. g5 Kb3 47. g6 Kxb2 48.
h6 Kxa3 49. h7 1-0

[Event "NJSK 2021 Jeugd C"]
[Site "Almelo, Netherlands"]
[Date "2021.08.03"]
[Round "4.5"]
[White "Aravindhan, Achyuth"]
[Black "Bakija, Alan"]
[Result "0-1"]
[TimeControl "90min + 30sec/move"]
[WhiteElo "1031"]
[BlackElo "1870"]

1. e4 c6 2. d4 d5 3. Nc3 dxe4 4. Nxe4 Nf6 5. Nxf6+ exf6 6. Bf4 Bd6 7. Bxd6 Qxd6 8. Nf3 Qb4+ 9.
Nd2 Qxd4 10. c3 Qe5+ 11. Qe2 O-O 12. Nf3 Qxe2+ 13. Bxe2 Re8 14. Rd1 Bg4 15. O-O Nd7 16. Rxd7 Bxd7 17.
Bc4 Be6 18. Bxe6 fxe6 19. Nd2 Rad8 20. Ne4 Rd5 21. b4 b6 22. a4 f5 23.
Ng5 Rd3 24. Rc1 Red8 25. Nxe6 Rd1+ 0-1

[Event "NJSK 2021 Jeugd C"]
[Site "Almelo, Netherlands"]
[Date "2021.08.03"]
[Round "4.6"]
[White "Zecha, Oscar"]
[Black "Ponomarev, Ivan"]
[Result "1-0"]
[TimeControl "90min + 30sec/move"]
[WhiteElo "1650"]
[BlackElo "1723"]

1. d4 Nf6 2. c4 e6 3. Nf3 Bb4+ 4. Bd2 a5 5. g3 d5 6. Bg2 O-O 7. O-O b6 8. Nc3 Bb7 9. Ne5 Nc6 10.
Bg5 Bxc3 11. bxc3 h6 12. Bxf6 Qxf6 13. Nd7 Qf5 14. Nxf8 Rxf8 15. Rb1 Ba6 16. cxd5 exd5 17. Re1 Re8 18.
Rb2 Bc4 19. Rd2 Na7 20. Qc2 Qd7 21. e4 c6 22. Rdd1 Nc8 23. h4 dxe4 24. Bxe4 Nd6 25. Bg2 Rxe1+ 26. Rxe1 b5 27. Re5 a4 28.
Rc5 Qe6 29. Rxc6 Bxa2 30. Rxd6 Qxd6 31. Qxa2 b4 32. Qxa4 bxc3 33. Qe8+ 1-0

[Event "NJSK 2021 Jeugd C"]
[Site "Almelo, Netherlands"]
[Date "2021.08.03"]
[Round "4.7"]
[White "Kien, Lancelot"]
[Black "Madularea, David"]
[Result "0-1"]
[TimeControl "90min + 30sec/move"]
[WhiteElo "1650"]
[BlackElo "1656"]

1. e4 c5 2. Nf3 d6 3. d4 cxd4 4.
Nxd4 Nf6 5. Nc3 a6 6. Be3 e5 7. Nb3 Be6 8. f3 h5 9. Qd2 Be7 10. O-O-O Nbd7 11. Bg5 Rc8 12. f4 b5 13.
f5 Bxb3 14. axb3 Qa5 15. Kb1 b4 16. Na4 Nxe4 17. Qe3 Nxg5 18. Qa7 Qc7 0-1

[Event "NJSK 2021 Jeugd C"]
[Site "Almelo, Netherlands"]
[Date "2021.08.03"]
[Round "4.8"]
[White "Kumar, Prayan Sai"]
[Black "Verheij, Dana"]
[Result "1/2-1/2"]
[TimeControl "90min + 30sec/move"]
[WhiteElo "1652"]
[BlackElo "1931"]

1. d4 Nf6 2. c4 c5 3. d5 b5 4. Nd2 bxc4 5. e4 g6 6. Bxc4 Bg7 7. Ngf3 O-O 8. O-O d6 9. Rb1 Ba6 10.
b3 Qa5 11. Qc2 Nbd7 12. h3 Nh5 13. Bxa6 Qxa6 14. Nc4 Rab8 15. Re1 Nb6 16. Bd2 Nxc4 17. bxc4 Rfe8 18. Rb3 Nf6 19. e5 Nd7 20.
e6 Ne5 21. Nxe5 Bxe5 22. f4 Bd4+ 23. Kh1 fxe6 24. Rxe6 Qa4 25. Rxb8 Qxc2 26. Rxe8+ Kg7 27. R8xe7+ Kh6 1/2-1/2

[Event "NJSK 2021 Jeugd C"]
[Site "Almelo, Netherlands"]
[Date "2021.08.03"]
[Round "4.9"]
[White "Pancharajah, Abisan"]
[Black "Katpatal, Akshaj"]
[Result "1/2-1/2"]
[TimeControl "90min + 30sec/move"]
[WhiteElo "1650"]
[BlackElo "1650"]

1. e4 e5 2. Nf3 Nc6 3. Bb5 Bc5 4. c3 d6 5. d4 exd4 6. cxd4 Bb4+ 7. Bd2 Bxd2+ 8. Nbxd2 Bd7 9. O-O Nge7 10.
Re1 O-O 11. h3 a6 12. Bd3 Ng6 13. a3 f5 14. Qc2 Nf4 15. Bc4+ Kh8 16. e5 d5 17. Bf1 Be6 18. Nb3 Qe7 19.
Nc5 Nd8 20. Qd2 Ng6 21. Rac1 f4 22. Nd3 Nc6 23. Nc5 Nd8 24. Rc3 Nh4 25. Be2 b6 26. Nb3 c6 27. Rec1 Bd7 1/2-1/2

[Event "NJSK 2021 Jeugd C"]
[Site "Almelo, Netherlands"]
[Date "2021.08.03"]
[Round "4.10"]
[White "Krylov, Philippe"]
[Black "Lopes, Samuel"]
[Result "1-0"]
[TimeControl "90min + 30sec/move"]
[WhiteElo "1339"]
[BlackElo "1124"]

1. d4 Nf6 2. c4 g6 3. Nc3 Bg7 4. e4 d6 5. f3 Nfd7 6. Be3 e5 7. d5 Bh6 8. Qd2 Bxe3 9. Qxe3 a5 10.
Bd3 O-O 11. Nge2 Na6 12. Bc2 c6 13. a3 Qb6 14. Qxb6 Nxb6 15. b3 Bd7 16. O-O c5 17. Nb5 Bxb5 18. cxb5 Nc7 19. a4 Nd7 20.
Bd3 b6 21. Nc3 f5 22. Rae1 f4 23. Nb1 g5 24. Na3 h5 25. Nc4 Rf6 26. Kf2 h4 27. Rh1 Kf7 28. Reg1 Rg8 29. Be2 Ne8 30.
g3 Rfg6 31. gxh4 gxh4 32. Rxg6 Rxg6 33.
Rg1 Rxg1 34. Kxg1 Kf6 35. Bf1 Ke7 36. Bh3 Nef6 37. Be6 Nf8 38. Bh3 N8d7 39. Bf5 Kf7 40. Nxd6+ Kg7 41. Bxd7 Nxd7 42.
Nf5+ Kh7 43. Nxh4 Kh6 44. Nf5+ Kg5 45. Nd6 Kh4 46. Kg2 Nf6 47.
Nc4 Nd7 48. h3 Kh5 49. Nd6 Nf6 50. Nf5 Nd7 51. h4 Nf6 52. Kh3 Nd7 53. Ne7 Nf6 54. Nf5 Nd7 55. Kg2 Kg6 56. Kh2 Kh5 57.
Kh3 Nf6 58. Nd6 Nd7 59. Nc4 Kg6 60. Nd6 Kh5 61. Ne8 Nb8 62. Nf6+ Kg6 63. Ne8 Kh5 64. Nd6 Nd7 65. Nc4 Nb8 66.
Nxe5 Kh6 67. Kg4 Kh7 68. d6 c4 69. bxc4 Kg7 70. d7 Nxd7 71. Nxd7 Kg6 72. Nxb6 Kf6 73. c5 Ke6 74. c6 Kd6 75.
e5+ Kc7 76. e6 Kd6 77. e7 Kxe7 78. c7 Kd6 79. c8=Q Ke7 80. Qd7+ Kf6 81. Qd6+ Kf7 82. Kg5 Kg8 83. Qe7 Kh8 84. Kg6 Kg8 85. Qe8# 1-0

[Event "NJSK 2021 Jeugd C"]
[Site "Almelo, Netherlands"]
[Date "2021.08.03"]
[Round "4.11"]
[White "Lankheet, Hidde"]
[Black "Ramdien, Steven"]
[Result "0-1"]
[TimeControl "90min + 30sec/move"]
[WhiteElo "1000"]
[BlackElo "1589"]

1. e4 c5 2. Nf3 d6 3. d4 cxd4 4.
Nxd4 Nf6 5. Nc3 a6 6. Be3 g6 7. Be2 Bg7 8. Qd2 O-O 9. O-O b5 10. a3 Bb7 11. f3 Nc6 12. Rad1 Rc8 13.
Nxc6 Bxc6 14. Bh6 Bb7 15. Bxg7 Kxg7 16. Rfe1 Qc7 17. Bd3 h5 18. h4 e6 19. Re2 Nd7 20. f4 Nf6 21. Rde1 Ng4 22.
Nd1 Qd8 23. g3 d5 24. e5 Qb6+ 25. Ne3 Rfd8 26. Kf1 Nxe3+ 27. Rxe3 Qc6 28. R3e2 Qb6 29. Qe3 d4 30. Qd2 Qc6 31. Be4 Qb6 32. Bd3 Bd5 33. Be4 Bc4 34. Bd3 Qc6 35. Re4 Bxd3+ 36. cxd3 Qc2 37. Qxc2 Rxc2 38. Rb1 Rd2 39. Ke1 Rxd3 40. Ke2 Rxg3 41. a4 b4 42. Rd1 Rg2+ 43. Kf3 Rxb2 44. Rexd4 Rxd4 45.
Rxd4 b3 46. Rd1 Ra2 47. Rb1 b2 48. Ke3 Ra3+ 49. Kd2 Rxa4 50. Ke3 Rb4 51. Kf3 a5 0-1

[Event "NJSK 2021 Jeugd C"]
[Site "Almelo, Netherlands"]
[Date "2021.08.03"]
[Round "4.12"]
[White "Blom, Rens"]
[Black "Sazonov, Fedor"]
[Result "1-0"]
[TimeControl "90min + 30sec/move"]
[WhiteElo "1650"]
[BlackElo "1650"]

1. c4 c5 2. Nc3 Nc6 3. Nf3 g6 4. g3 Bg7 5. Bg2 Nh6 6. O-O O-O 7. e3 e6 8. d4 b6 9. d5 exd5 10. cxd5 Ne5 11. Nxe5 Bxe5 12.
d6 Rb8 13. Nd5 Bxd6 14. e4 Kg7 15. Ne3 Be7 16. f4 f5 17. e5 Bb7 18. Bxb7 Rxb7 19. b3 d6 20. Bb2 dxe5 21. Qf3 Rd7 22. fxe5 Rd2 23. Rad1 Ng4 24.
Bc3 Rd3 25. Nxf5+ Rxf5 26. Qxd3 Rxf1+ 27. Qxf1 Qe8 28. e6+ Nf6 29.
Rd7 Qf8 30. Qf4 Kg8 31. Rxe7 Qxe7 32. Qxf6 1-0

[Event "NJSK 2021 Jeugd C"]
[Site "Almelo, Netherlands"]
[Date "2021.08.04"]
[Round "5.1"]
[White "Labruyere, Roger"]
[Black "De Winter, Arthur"]
[Result "1/2-1/2"]
[TimeControl "90min + 30sec/move"]
[WhiteElo "2003"]
[BlackElo "2000"]

1. e4 c5 2. Nf3 Nc6 3. d4 cxd4 4. Nxd4 Nf6 5. Nc3 e5 6. Ndb5 d6 7. Bg5 a6 8.
Na3 b5 9. Nd5 Be7 10. Bxf6 Bxf6 11. c3 Ne7 12. Nxf6+ gxf6 13. Be2 f5 14. exf5
Bxf5 15. Nc2 O-O 16. Ne3 Be6 17. O-O d5 18. a4 Rb8 19. axb5 axb5 20. Nc2 Ng6 21.
Re1 Qg5 22. Bf1 Rfd8 23. Re3 Kh8 24. Ra5 Nf4 25. Rg3 Qf6 26. Nb4 Bf5 27. Rxb5
Rxb5 28. Bxb5 d4 29. cxd4 Rxd4 30. Qa4 Bg6 31. h3 Kg7 32. Qb3 Qb6 33. Nc6 Rd2
34. Qe3 Qxb5 35. Qxd2 Ne2+ 36. Kh2 Nxg3 37. Qd6 Ne4 38. Qxe5+ Qxe5+ 39. Nxe5
Nxf2 40. Kg3 Nd3 41. Nc4 Kf6 42. b3 Ke6 43. Ne3 f5 44. Kh4 f4 45. Nf1 Be4 46.
g3 f3 47. g4 Ke5 48. Kg3 Kd4 49. h4 Ne5 50. h5 Kd3 51. Kf4 Nc6 52. g5 Nd4 53.
b4 Ne6+ 54. Kg4 f2 55. b5 Ke2 56. Ng3+ Ke1 57. b6 Nd8 58. Kf4 Bd3 59. g6 hxg6
60. h6 g5+ 61. Kxg5 f1=Q 62. Nxf1 Kxf1 63. Kf6 1/2-1/2

[Event "NJSK 2021 Jeugd C"]
[Site "Almelo, Netherlands"]
[Date "2021.08.04"]
[Round "5.2"]
[White "Kumar, Prajit Sai"]
[Black "Smeets, Kobe"]
[Result "1-0"]
[TimeControl "90min + 30sec/move"]
[WhiteElo "1811"]
[BlackElo "1897"]

1. d4 d5 2. c4 e6 3. Nf3 c6 4.
g3 Bd6 5. Bg2 Nd7 6. O-O f5 7. b3 Ngf6 8. Ba3 Ne4 9. Bxd6 Nxd6 10. Nbd2 Qf6 11. e3 O-O 12. Ne1 Ne4 13. Nd3 g5 14.
Nf3 Qh6 15. h4 Ndf6 16. hxg5 Nxg5 17. Nxg5 Qxg5 18. cxd5 exd5 19. Qf3 Ne4 20. Qf4 Qh5 21. Bf3 Qh3 22. Rad1 b6 23. Ne5 Ba6 24.
Rfe1 Rae8 25. Bg2 Qh5 26. Rc1 Re6 27. Rxc6 Rxc6 28. Nxc6 Nc3 29. Qe5 Bb7 30. Ne7+ Kf7 31. Nxd5 Nxd5 32.
Bxd5+ Bxd5 33. Qxd5+ Kg7 34. Rc1 Rf6 35. Rc7+ 1-0

[Event "NJSK 2021 Jeugd C"]
[Site "Almelo, Netherlands"]
[Date "2021.08.04"]
[Round "5.3"]
[White "Bakija, Alan"]
[Black "Arnold, Rhys"]
[Result "1-0"]
[TimeControl "90min + 30sec/move"]
[WhiteElo "1870"]
[BlackElo "1748"]

1. c4 e5 2. Nc3 Nc6 3. Nf3 f5 4. g3 Nf6 5. d4 d6 6. d5 e4 7. Nh4 Ne5 8. Bh3 g6 9. Bg5 Bg7 10.
O-O O-O 11. Rc1 Bd7 12. f3 exf3 13. Nxf3 Nf7 14. e4 fxe4 15. Bxd7 Qxd7 16. Bxf6 Bxf6 17. Nxe4 Bg7 18. Nfg5 Nxg5 19.
Nxg5 Rxf1+ 20. Qxf1 Bd4+ 21. Kg2 Be3 22. Ne6 Bxc1 23. Qxc1 Qf7 24. Qd2 c6 25. Qb4 cxd5 26. cxd5 Rc8 27.
Qe4 Rc1 28. Nf4 g5 29. Qe3 Rc2+ 30. Ne2 Qxd5+ 31. Kh3 Rc8 32. Nc3 Qf5+ 33. Kg2 Rf8 34. Qe2 g4 35. Kg1 Qf3 36. Qe6+ Rf7 37.
Qe8+ Kg7 38. Qe1 d5 39. Qe5+ Qf6 40. Qe2 Qf5 41. Nb5 Qb1+ 42. Kg2 Qe4+ 43. Qxe4 dxe4 44. Nd6 Rc7 45. Ne8+ Kf7 46.
Nxc7 Kf6 47. Kf2 Ke5 48. Ke3 a6 49. Ne8 a5 50. Nc7 b6 51. Nb5 Kd5 52. Nc3+ 1-0